Map: Incorporeal LE

Players

ManlyManMeat

  • Race: Zerg Zerg
  • League: Master
  • Spawn Location: 11:00

Gleb - Winner!

  • Race: Protoss Protoss
  • League: Platinum
  • Spawn Location: 5:00

VOD

Have the link to the VOD?

Description

Time

  • Played on: June 16, 2025, 8:52 a.m.
  • Length: 8:34
Show
View Real Time Build Order
Export as new Build Order

ManlyManMeat Zerg 

Build Orders: Hatch First 

Get SALT Encoding   

  12  0:06  Drone  
  13  0:08  Drone  
  14  0:16  Overlord  
  14  0:23  Extractor  
  14  0:25  Extractor  
  14  0:26  Drone  
  15  0:35  Drone  
  16  0:43  Drone  
  17  0:51  Hatchery  
  17  0:54  Drone  
  17  1:09  Spawning Pool  
  16  1:12  Drone  
  16  1:15  Drone  
  18  1:21  Drone, Extractor  
  18  1:32  Drone  
  19  1:43  Drone  
  20  1:55  Drone  
  21  2:02  Queen  
  21  2:04  Overlord  
  21  2:05  Queen  
  21  2:08  Zergling x2  
  26  2:14  Zergling x2  
  27  2:21  Metabolic Boost  
  27  2:24  Drone  
  28  2:34  Drone x2  
  28  2:36  Overlord  
  30  2:44  Drone  
  31  2:55  Hatchery  
  31  2:56  Queen  
  32  2:59  Drone  
  33  3:06  Overlord  
  33  3:07  Drone  
  33  3:09  Drone  
  33  3:11  Drone  
  36  3:20  Overlord  
  36  3:22  Overlord  
  36  3:41  Queen  
  36  3:42  Drone x2  
  36  3:43  Drone x5  
  36  3:45  Extractor  
  36  3:47  Extractor  
  43  3:50  Zergling x2  
  43  3:51  Baneling Nest  
  43  4:00  Drone x2  
  43  4:01  Drone x2  
  47  4:07  Lair  
  46  4:15  Drone x4  
  50  4:30  Zergling x8  
  50  4:31  Zergling x4, Overlord x2  
  56  4:35  Zergling x2  
  57  4:48  Overlord  
  57  4:56  Evolution Chamber  
  57  4:57  Roach Warren  
  57  4:58  Evolution Chamber  
  54  5:01  Evolution Chamber  
  54  5:02  Drone x4  
  57  5:08  Zergling x12  
  63  5:28  Zerg Missile Weapons Level 1  
  63  5:30  Zerg Ground Armor Level 1  
  63  5:34  Spore Crawler  
  63  5:35  Hydralisk Den  
  61  5:36  Spore Crawler  
  61  5:37  Spore Crawler  
  61  5:38  Drone x5  
  64  5:57  Baneling x5  
  64  5:58  Baneling x4  
  64  6:00  Glial Reconstitution  
  64  6:01  Extractor  
  63  6:04  Grooved Spines  
  63  6:16  Zergling x24  
  75  6:21  Centrifugal Hooks  
  75  6:26  Drone  
  75  6:27  Drone x3  
  76  6:49  Hydralisk x2  
  71  7:06  Drone x6  
  71  7:07  Drone x3  
  74  7:11  Drone  
  74  7:12  Drone x5, Infestation Pit  
  79  7:16  Hydralisk  
  67  7:39  Zergling x16  
  67  7:53  Hydralisk x3  
  72  7:59  Overlord x3  
Show
View Real Time Build Order
Export as new Build Order

Gleb Protoss - Winner!

Build Orders:  

Get SALT Encoding   

  12  0:01  Probe  
  13  0:14  Probe  
  14  0:22  Pylon  
  14  0:26  Probe  
  15  0:39  Probe  
  15  0:42  Gateway  
  16  0:44  Assimilator  
  16  0:48  Probe  
  16  0:56  Probe  
  17  0:58  Assimilator  
  18  1:06  Probe  
  19  1:16  Probe  
  19  1:24  Probe  
  20  1:28  Cybernetics Core  
  20  1:31  Pylon  
  21  1:33  Probe  
  22  1:45  Probe  
  23  1:49  Zealot  
  23  1:52  Pylon  
  25  2:00  Pylon  
  25  2:09  Robotics Facility  
  25  2:11  Warp Gate  
  25  2:18  Gateway  
  25  2:24  Stalker  
  27  2:47  Gateway  
  27  2:50  Pylon  
  27  2:57  Stalker  
  29  3:14  Observer  
  30  3:28  Nexus  
  30  3:33  Probe  
  31  3:35  Zealot  
  31  3:38  Zealot  
  35  3:45  Probe, Zealot  
  38  3:54  Twilight Council  
  38  4:07  Observer  
  38  4:10  Probe  
  39  4:17  Observer  
  39  4:18  Probe  
  39  4:20  Gateway  
  40  4:27  Probe  
  40  4:29  Charge  
  41  4:33  Pylon  
  41  4:39  Observer, Probe  
  41  4:42  Zealot x2  
  41  4:44  Sentry  
  48  4:53  Observer  
  48  4:55  Robotics Bay  
  48  5:03  Zealot x2  
  52  5:24  Forge  
  52  5:26  Forge  
  52  5:28  Zealot  
  52  5:30  Forge  
  52  5:31  Stalker  
  56  5:41  Extended Thermal Lance  
  56  5:42  Probe x2  
  58  5:46  Protoss Ground Weapons Level 1  
  58  5:53  Protoss Ground Armor Level 1  
  58  5:54  Probe x2  
  58  5:55  Protoss Shields Level 1  
  60  6:06  Probe x2  
  62  6:15  Gateway  
  62  6:18  Probe x2  
  64  6:23  Zealot  
  64  6:24  Zealot  
  68  6:39  Zealot x2  
  70  6:45  Stalker  
  70  6:46  Stalker  
  74  6:50  Shield Battery  
  68  7:01  Zealot x2  
  68  7:10  Zealot x2  
  72  7:36  Colossus  
  78  7:42  Pylon  
  78  7:44  Pylon  
  74  7:45  Gateway x2  
  74  7:50  Pylon  
  74  7:52  Pylon  
  74  7:54  Assimilator  
  74  7:57  Assimilator  
  64  8:26  Zealot x2  
  64  8:27  Zealot x3  
Tags
 
Add a new tag
Caveats
  • Supply blocks, unpowered buildings, or Contaminate may cause inaccurate times.
  • Supply counts are checked every 10 seconds.